 Dungeon Crawl Stone Soup version 0.30-a0-728-gc68057be0a (webtiles) character file.

Game seed: 5863809870969767094

776 IdlyInterested the Cutter (level 7, -4/52 HPs)
             Began as a Demonspawn Monk on Jan 30, 2023.
             Slain by an ogre
             ... wielding a +0 giant spiked club
              (17 damage)
             ... on level 5 of the Dungeon.
             The game lasted 00:18:32 (4722 turns).

IdlyInterested the Cutter (Demonspawn Monk)         Turns: 4722, Time: 00:18:33

Health: -4/52      AC: 13    Str: 11    XL:     7   Next: 54%
Magic:  7/7        EV: 11    Int: 11    God:
Gold:   37         SH:  0    Dex: 18    Spells: 6/6 levels left

rFire   . . .      SeeInvis .    a - +0 short sword
rCold   + . .      Faith    .    (no shield)
rNeg    . . .      Spirit   .    o - +0 ring mail
rPois   .          Reflect  .    x - +2 hat
rElec   .          Harm     .    (no cloak)
rCorr   .          Rampage  .    y - +0 pair of gloves
Will    .....                    m - +1 pair of boots
Stlth   ++                       (no amulet)
HPRegen 0.28/turn                e - ring of protection from fire
MPRegen 0.20/turn                s - ring of ice

@: no status effects
A: antennae 1, molten scales 2, magic regeneration
a: no special abilities


You were on level 5 of the Dungeon.
You visited 2 branches of the dungeon, and saw 6 of its levels.
You also visited: Sewer.

You collected 245 gold pieces.
You spent 208 gold pieces at shops.

Inventory:

Hand Weapons
 a - a +0 short sword (weapon)
Missiles
 f - 52 stones (quivered)
 r - 4 poisoned darts
Armour
 b - a +0 robe
 d - a +0 leather armour
 k - a +0 scale mail
 m - a +1 pair of boots (worn)
 o - a +0 ring mail (worn)
 v - +1 gold dragon scales
 x - a +2 hat (worn)
 y - a +0 pair of gloves (worn)
 B - a +0 chain mail
Jewellery
 e - a ring of protection from fire (left hand)
 s - a ring of ice (right hand)
Wands
 l - a wand of flame (56)
Scrolls
 n - 4 scrolls of teleportation
 q - 4 scrolls of poison
 u - 3 scrolls of identify
 A - 3 scrolls of enchant weapon
 C - a scroll of immolation
 D - a scroll of fog
Potions
 c - 2 potions of brilliance
 g - a potion of ambrosia
 i - a potion of mutation
 j - 2 potions of lignification
 p - 2 potions of curing
 t - a potion of attraction
 w - a potion of heal wounds
 z - a potion of haste


   Skills:
 - Level 3.0 Fighting
 * Level 7.0 Short Blades
 - Level 1.0 Throwing
 + Level 2.9 Armour
 - Level 3.0 Dodging
 - Level 2.0 Stealth
 - Level 1.0 Shields
 - Level 1.0 Evocations


You had 6 spell levels left.
You didn't know any spells.
Your spell library contained the following spells:

 Spells                   Type           Power      Damage    Failure   Level
 Apportation              Tloc           0%         N/A       63%         1
 Summon Small Mammal      Summ           0%         N/A       63%         1
 Blink                    Tloc           0%         N/A       77%         2
 Lesser Beckoning         Tloc           0%         N/A       77%         2
 Static Discharge         Conj/Air       0%         2-2/arc   77%         2
 Call Canine Familiar     Summ           0%         N/A       94%         3
 Gell's Gravitas          Tloc           0%         N/A       94%         3
 Summon Guardian Golem    Hex/Summ       0%         N/A       94%         3
 Teleport Other           Tloc           0%         N/A       94%         3
 Tukima's Dance           Hex            0%         N/A       94%         3
 Vhi's Electric Charge    Tloc/Air       0%         N/A       94%         3
 Manifold Assault         Tloc           0%         N/A       100%        4
 Passage of Golubria      Tloc           0%         N/A       100%        4
 Alistair's Intoxication  Tmut/Pois      0%         N/A       100%        5
 Arcjolt                  Conj/Air       0%         1d10      100%        5
 Lightning Bolt           Conj/Air       0%         1d11      100%        5
 Yara's Violent Unravell  Hex/Tmut       0%         3d3       100%        5
 Storm Form               Tmut/Air       0%         N/A       100%        7


Dungeon Overview and Level Annotations

Branches:
Dungeon (5/15)             Temple (1/1) D:4           Sewer (visited)

Altars:
Ashenzari
Cheibriados
Dithmenos
Fedhas
Gozag
Hepliaklqana
Kikubaaqudgha
Makhleb
Nemelex Xobeh
Okawaru
Qazlal
Ru
Sif Muna
Trog
Vehumet
Wu Jian
Xom

Shops:
D:4 ?


Innate Abilities, Weirdness & Mutations

You have a pair of small antennae on your head.
You are mostly covered in molten scales. (AC +3)
You regenerate magic rapidly.


Message History

The centaur kicks you but does no damage.
The ogre misses you.
You closely miss the ogre.
The ogre is heavily wounded.
The centaur barely misses you. The centaur kicks you.
You closely miss the ogre.
The ogre is heavily wounded.
The centaur misses you. The centaur completely misses you.
The ogre hits you with a +0 giant spiked club!!
Ouch! That really hurt!
You are confused.
You feel invigorated. The centaur barely misses you.
The centaur kicks you but does no damage.
The centaur misses you.
The centaur kicks you but does no damage.
The centaur hits you but does no damage.
The centaur kicks you.
You bump into the rock wall.
You feel less invigorated.
You feel less confused.
The centaur barely misses you. x2; The ogre barely misses you.
The centaur barely misses you.
The centaur kicks you but does no damage.
You barely miss the ogre. You punch the ogre, but do no damage.
The ogre is heavily wounded.
The centaur barely misses you.
The centaur kicks you but does no damage.
You hit the ogre.
The ogre is severely wounded.
The ogre hits you with a +0 giant spiked club!
* * * LOW HITPOINT WARNING * * *
The centaur hits you but does no damage.
The centaur closely misses you.
You hit the ogre.
The ogre is severely wounded.
The centaur hits you but does no damage.
The centaur closely misses you.
You hit the ogre.
The ogre is almost dead.
The ogre hits you with a +0 giant spiked club!
You die...

#.......#..
####.#....###.
######........## ##
###..........#.## #
#####...........####
.............#.##
###..<....#.####
.......O.####
###....c@.#
#..........#
................
#######....?.... #
#.#....... ##
#.##...... ##. #.#
#....# #.. #. #.#.#
### ...


You could see an ogre and a centaur.

Vanquished Creatures
  Pikel (D:4)
  A lemure (D:4)
  A howler monkey (D:4)
  A gnoll bouda (D:4)
  An iguana (D:4)
  3 gnolls (D:4)
  9 adders
  A shadow imp (D:5)
  A white imp (D:5)
  An ufetubus (D:4)
  6 worms
  2 dart slugs
  An orc (D:5)
  8 ball pythons
  5 bats
  11 endoplasms
  8 giant cockroaches
  12 hobgoblins
  5 quokkas
  7 frilled lizards
  6 goblins
  9 kobolds
  4 rats
104 creatures vanquished.

Vanquished Creatures (others)
  12 plants (D:1)
12 creatures vanquished.

Grand Total: 116 creatures vanquished

Notes
Turn   | Place    | Note
-------+----------+-------------------------------------------
     0 | D:1      | IdlyInterested the Demonspawn Monk began the quest for the
                  | Orb.
     0 | D:1      | Reached XP level 1. HP: 18/18 MP: 1/1
   128 | D:1      | Reached skill level 3 in Short Blades
   137 | D:1      | Gained mutation: You regenerate magic rapidly. [demonic
                  | ancestry]
   137 | D:1      | Reached XP level 2. HP: 14/24 MP: 2/2
   752 | D:1      | Gained mutation: You have a pair of small antennae on your
                  | head. [demonic ancestry]
   752 | D:1      | Reached XP level 3. HP: 26/29 MP: 3/3
  1652 | D:2      | Found a faded altar of an unknown god.
  1656 | D:2      | Reached skill level 4 in Short Blades
  1928 | D:2      | Gained mutation: You are partially covered in molten
                  | scales. (AC +2) [demonic ancestry]
  1928 | D:2      | Reached XP level 4. HP: 35/35 MP: 4/4
  1943 | D:2      | Reached skill level 1 in Throwing
  2580 | D:3      | Found a glowing drain.
  2621 | Sewer    | Entered a sewer
  2744 | Sewer    | Reached skill level 1 in Armour
  3006 | Sewer    | Reached XP level 5. HP: 41/41 MP: 5/5
  3795 | D:4      | Found a staircase to the Ecumenical Temple.
  3800 | Temple   | Entered the Ecumenical Temple
  3943 | D:4      | Reached skill level 5 in Short Blades
  3943 | D:4      | Reached skill level 1 in Evocations
  4071 | D:4      | Found Ykuhyg's Magic Scroll Shoppe.
  4174 | D:4      | Gained mutation: You are mostly covered in molten scales.
                  | (AC +3) [demonic ancestry]
  4174 | D:4      | Reached XP level 6. HP: 42/47 MP: 6/6
  4333 | D:4      | Noticed Pikel
  4352 | D:4      | Reached skill level 1 in Shields
  4363 | D:4      | Killed Pikel
  4364 | D:4      | Reached skill level 7 in Short Blades
  4364 | D:4      | Reached XP level 7. HP: 43/52 MP: 7/7
  4539 | D:4      | Bought a scroll of enchant weapon for 82 gold pieces
  4539 | D:4      | Bought a scroll of enchant armour for 82 gold pieces
  4539 | D:4      | Bought a scroll of fog for 44 gold pieces
  4575 | D:5      | Entered Level 5 of the Dungeon
  4722 | D:5      | Slain by an ogre

Illustrated notes

Levels and vault maps discovered:
D:1:      wander_arrival_fairy_ring, layout_loops_ring, lexackson_kobold_supper
D:2:      layout_loops_cross, shapermc_ecumenical_altar_flowoftime
D:3:      layout_basic, cheibrodos_sewer_entry_bend
D:4:      layout_basic, minmay_temple_entry_glassed_door, serial_shops,
          shop_scrolls, minmay_misc_feat_doors, uniq_pikel
D:5:      kennysheep_six_static_rooms, layout_loops_ring,
          nicolae_ossuary_entry_monument, nicolae_figureground_pulse
Temple:   compressed_dpeg_circular_temple

Skill      XL: |  1  2  3  4  5  6 |
---------------+-------------------+-----
Short Blades   | 3 4 5 7 |  7.0
Dodging        | 3 |  3.0
Stealth        | 2 |  2.0
Throwing       | 1 |  1.0
Armour         | 1 2 |  2.9
Evocations     | 1 |  1.0
Shields        | 1 |  1.0
Fighting       | |  3.0

Action                     |  1- 3 |  4- 6 |  7- 9 || total
---------------------------+-------+-------+-------++-------
  Melee: Short sword       |   250 |   319 |    42 ||   611
         Punch             |     4 |     7 |     1 ||    12
  Throw: Dart              |       |    15 |       ||    15
         Stone             |       |     4 |       ||     4
    Use: Potion            |     3 |     2 |     1 ||     6
         Scroll            |     5 |     9 |     1 ||    15
   Stab: Sleeping          |     3 |       |     1 ||     4
 Armour: Robe              |     5 |       |       ||     5
         Leather armour    |    10 |       |       ||    10
         Scale mail        |    37 |       |       ||    37
         Ring mail         |    14 |   119 |    26 ||   159
  Dodge: Dodged            |   121 |   147 |    31 ||   299

Table legend: (Time is in decaauts)
 A = Elapsed time spent in this place.
 B = Non-inter-level travel time spent in this place.
 C = Inter-level travel time spent in this place.
 D = Time resting spent in this place.
 E = Time spent auto-exploring this place.
 F = Levels seen in this place.
 G = Mean time per level.
                   A        B        C        D        E       F      G
               +--------+--------+--------+--------+--------+-----+--------+
         Total |   4706 |   4157 |    549 |    479 |   1660 |   7 |  672.3 |
       Dungeon |   4095 |   3546 |    549 |    466 |   1624 |   5 |  819.0 |
        Temple |     71 |     71 |      0 |      0 |      0 |   1 |   71.0 |
         Sewer |    539 |    539 |      0 |     13 |     36 |   1 |  539.0 |
               +--------+--------+--------+--------+--------+-----+--------+

Top non-repeatable levels by time:
     D:1: 1198 daAuts
     D:2: 1108 daAuts
     D:4: 845 daAuts
     D:3: 809 daAuts
   Sewer: 539 daAuts
     D:5: 133 daAuts
  Temple: 71 daAuts
